 Dungeon Sprint DCSS version 0.23-a0-143-g1adec7b (webtiles) character file.

7485 Faca the Impaler (level 11, -5/107 HPs)
             Began as a Merfolk Gladiator on Aug 31, 2018.
             Was the Champion of the Shining One.
             Slain by a slime creature (13 damage)
             ... in the Dungeon (Sprint V: "Ziggurat Sprint").
             The game lasted 00:12:56 (1315 turns).

Faca the Impaler (Merfolk Gladiator)                Turns: 1315, Time: 00:12:57

Health: -5/107     AC: 12    Str: 12    XL:     11   Next: 16%
Magic:  0/19       EV: 18    Int:  7    God:    the Shining One [******]
Gold:   0          SH: 12    Dex: 30    Spells: 10/10 levels left

rFire    + . .     SeeInvis .   O - +8 lance "Wyrmbane" {slay drac, rPois rF+ rC+ AC+3}
rCold    + + .     Gourm    .   P - +3 buckler
rNeg     + + +     Faith    .   B - +2 swamp dragon scales of Paclav Ocimp {rPois rC+ rCorr Str-4 Slay+3}
rPois    +         Spirit   +   c - +0 helmet
rElec    .         Reflect  .   z - +2 cloak {MR+}
rCorr    +         Harm     .   (no gloves)
MR       +....     NoTele   +   (no boots)
Stlth    +.........             J - amulet of guardian spirit
HPRegen  0.27/turn              H - +6 ring of dexterity
MPRegen  0.16/turn              G - +6 ring of dexterity

@: corroded, glowing
A: change form in water, swift swim, stealthy swim
a: Divine Shield, Cleansing Flame, Summon Divine Warrior, Brand Weapon With Holy
Wrath, Renounce Religion


You were in the Dungeon.
You worshipped the Shining One.
The Shining One was exalted by your worship.
You were not hungry.

You visited 1 branch

Inventory:

Hand Weapons
 p - a +5 bardiche of freezing
 q - a +5 demon trident
 O - the +8 lance "Wyrmbane" (weapon) {slay drac, rPois rF+ rC+ AC+3}
   (You found it in the Dungeon)

   It affects your AC (+3).
   It protects you from fire.
   It protects you from cold.
   It protects you from poison.
Missiles
 d - 3 throwing nets (quivered)
Armour
 a - the +5 robe of Night {Dark MR+ SInv}
   (You found it in the Dungeon)

   It affects your resistance to hostile enchantments.
   It lets you see invisible.
 b - the +4 robe of Augmentation {Str+4 Int+4 Dex+4}
   (You found it in the Dungeon)

   It affects your strength (+4).
   It affects your intelligence (+4).
   It affects your dexterity (+4).
 c - a +0 helmet (worn)
 l - +5 gold dragon scales
 m - +5 shadow dragon scales
 n - a +3 large shield
 o - a +3 shield
 z - a +2 cloak of magic resistance (worn)
 B - the +2 swamp dragon scales of Paclav Ocimp (worn) {rPois rC+ rCorr Str-4 Slay+3}
   (You found it in the Dungeon)

   It affects your strength (-4).
   It affects your accuracy and damage with ranged weapons and melee attacks
   (+3).
   It protects you from cold.
   It protects you from poison.
   It provides partial protection from all sources of acid and corrosion.
 M - the +15 Maxwell's patent armour {-Cast -Tele rElec MR+ rCorr}
   (You found it in the Dungeon)

   It insulates you from electricity.
   It affects your resistance to hostile enchantments.
   It prevents spellcasting.
   It prevents most forms of teleportation.
   It provides partial protection from all sources of acid and corrosion.
 N - the +18 shield of the Gong {rElec rN+ MR+ EV-5}
   (You found it in the Dungeon)

   It affects your evasion (-5).
   It insulates you from electricity.
   It protects you from negative energy.
   It affects your resistance to hostile enchantments.
 P - a +3 buckler (worn)
Jewellery
 g - the ring of the Mage {Wiz MR++ Int+3}
   (You found it in the Dungeon)

   [ring of wizardry]

   It improves your spell success rate.
   It affects your intelligence (+3).
   It affects your resistance to hostile enchantments.
 r - the ring "Caejotat" {MP+9 Int-5 Dex+5}
   (You found it in the Dungeon)

   [ring of magical power]

   It affects your intelligence (-5).
   It affects your dexterity (+5).
   It affects your magic capacity (+9).
 G - a +6 ring of dexterity (right hand)
 H - a +6 ring of dexterity (left hand)
 I - a +6 ring of intelligence
 J - an amulet of guardian spirit (around neck)
 L - a +6 ring of strength
Wands
 y - a wand of disintegration (7)
 E - a wand of iceblast (7)
 F - a wand of acid (7)
Scrolls
 k - 4 scrolls of blinking
 s - 7 scrolls of fog
 t - a scroll of holy word
 u - 5 scrolls of identify
 v - 5 scrolls of remove curse
 w - 2 scrolls of fear
Potions
 e - 8 potions of curing
 h - 5 potions of haste
 i - 7 potions of magic
 j - 3 potions of berserk rage
 x - 2 potions of brilliance
 A - 4 potions of resistance
 C - 6 potions of agility
 D - 5 potions of might
Comestibles
 f - 6 rations


   Skills:
 + Level 17.5 Fighting
 - Level 18.3 Polearms
 - Level 2.0 Throwing
 - Level 8.0 Dodging
 + Level 10.4 Shields
 + Level 11.2 Invocations


You had 10 spell levels left.
You didn't know any spells.
Your spell library was empty.

Dungeon Overview and Level Annotations

Branches:
Dungeon (1/1)

Altars:
Ashenzari
Cheibriados
Dithmenos
Elyvilon
Fedhas
Gozag
Hepliaklqana
Kikubaaqudgha
Makhleb
Nemelex Xobeh
Okawaru
Qazlal
Ru
Sif Muna
Trog
Uskayaw
Vehumet
Wu Jian
Xom
Yredelemnul
Zin
The Shining One
Beogh
Jiyva
Lugonu


Message History

* * * LOW HITPOINT WARNING * * *
Press: ? - help, v - describe, . - travel
Here: a golden eye (almost dead, haloed)
A transporter landing site.
You puncture the slime creature!
The slime creature is moderately wounded.
The jelly hits you but does no damage. The slime creature hits you!
* * * LOW HITPOINT WARNING * * *
You puncture the golden eye!
You kill the golden eye!
The slime creature hits you!
* * * LOW HITPOINT WARNING * * *
The slime creature closely misses you.
You feel better. You block the jelly's attack.
You block the slime creature's attack. The slime creature hits you.
* * * LOW HITPOINT WARNING * * *
The slime creature hits you.
* * * LOW HITPOINT WARNING * * *
You block the slime creature's attack. The slime creature hits you!
You die...

▓..}):[)..▓
▓...?")!..▓
▓.........▓
▓.........▓
▓.........▓
▓...JJ....▓
▓.▓.JJ..▓.▓
▓..JJ@....▓
▓▓▓▓▓▓▓▓▓▓▓


You could see 3 slime creatures, 2 jellies and an ooze.

Vanquished Creatures
  A mummy priest (D)
  A slime creature (D)
  4 draconians (D)
  3 eyes of devastation (D)
  3 rime drakes (D)
  3 guardian mummies (D)
  4 freezing wraiths (D)
  An ushabti (D)
  A golden eye (D)
  3 steam dragons (D)
  2 nagas (D)
  A floating eye (D)
  A swamp drake (D)
  2 eyes of draining (D)
  A phantom (D)
  An ice beast (D)
  A wight (D)
  2 jellies (D)
  3 mummies (D)
  2 adders (D)
  3 oozes (D)
  An adder skeleton (D)
  2 ball pythons (D)
  A bat simulacrum (D)
47 creatures vanquished.

Notes
Turn   | Place    | Note
-------+----------+-------------------------------------------
     0 | D        | Found the +6 Majin-Bo {vamp, Archmagi MP+6 Int+6}
     0 | D        | Found the +7 great mace "Firestarter" {inner flame, rF++}
     0 | D        | Faca the Merfolk Gladiator began the quest for the Orb.
     0 | D        | Reached XP level 1. HP: 16/16 MP: 1/1
     3 | D        | Found a blossoming altar of Fedhas.
     5 | D        | Found a viscous altar of Jiyva.
     5 | D        | Found a hazy altar of Hepliaklqana.
     5 | D        | Found a transporter.
     5 | D        | Found an opulent altar of Gozag.
     5 | D        | Found an ancient bone altar of Kikubaaqudgha.
     5 | D        | Found a corrupted altar of Lugonu.
    12 | D        | Found a burning altar of Makhleb.
    13 | D        | Found a stormy altar of Qazlal.
    13 | D        | Found a sacrificial altar of Ru.
    13 | D        | Found an iron altar of Okawaru.
    13 | D        | Found a deep blue altar of Sif Muna.
    13 | D        | Found a sparkling altar of Nemelex Xobeh.
    13 | D        | Found a bloodstained altar of Trog.
    31 | D        | Found the +9 heavy crossbow "Sniper" {velocity, Acc+∞ SInv}
    31 | D        | Found the +10 dark maul {crush}
    31 | D        | Found the +15 Maxwell's patent armour {-Cast -Tele rElec
                  | MR+ rCorr}
    31 | D        | Found the +18 shield of the Gong {rElec rN+ MR+ EV-5}
    31 | D        | Found the cursed +14 obsidian axe {chop, +Fly SInv *Curse}
    33 | D        | Found the +6 shillelagh "Devastator" {shatter}
    33 | D        | Found the +11 plutonium sword {*Contam Stlth-}
    33 | D        | Found the +8 lance "Wyrmbane" {slay drac, rPois rF+ rC+
                  | AC+3}
    33 | D        | Found the +9 sword of Zonguldrok {reap}
    33 | D        | Found the cursed +13 scythe of Curses {drain, *Curse}
    33 | D        | Found the +0 sword of Power
    33 | D        | Found the +7 mace of Variability {chain chaos}
    33 | D        | Found the +7 Singing Sword
    33 | D        | Found the +7 longbow "Piercer" {penet, EV-2}
    50 | D        | Became a worshipper of the Shining One
    76 | D        | Reached skill level 8 in Polearms
    76 | D        | Reached XP level 2. HP: 28/28 MP: 2/2
    85 | D        | Entered arena 2.
    85 | D        | Noticed a phantom
    85 | D        | Noticed a wight
    85 | D        | Reached * piety under the Shining One
    85 | D        | Found a transporter.
    86 | D        | Found the +5 robe of Night {Dark MR+ SInv}
    91 | D        | Killed a wight
    91 | D        | Reached skill level 10 in Polearms
    91 | D        | Reached XP level 3. HP: 28/36 MP: 3/3
    95 | D        | Killed a phantom
    95 | D        | Reached skill level 11 in Polearms
    95 | D        | Reached XP level 4. HP: 45/45 MP: 4/4
    95 | D        | Reached XP level 5. HP: 51/51 MP: 5/5
   113 | D        | Entered arena 3.
   113 | D        | Reached ** piety under the Shining One
   114 | D        | Found the +4 robe of Augmentation {Str+4 Int+4 Dex+4}
   114 | D        | Found a transporter.
   117 | D        | Reached *** piety under the Shining One
   117 | D        | Reached skill level 12 in Polearms
   139 | D        | Entered arena 4.
   139 | D        | Noticed a draconian
   139 | D        | Reached **** piety under the Shining One
   139 | D        | Noticed a draconian
   139 | D        | Noticed a draconian
   139 | D        | Noticed a draconian
   139 | D        | Found a transporter.
   146 | D        | Killed a draconian
   146 | D        | Reached skill level 15 in Polearms
   146 | D        | Reached XP level 6. HP: 55/64 MP: 6/6
   146 | D        | Reached XP level 7. HP: 59/69 MP: 7/7
   154 | D        | Killed a draconian
   154 | D        | Reached skill level 16 in Polearms
   154 | D        | Reached XP level 8. HP: 50/79 MP: 8/8
   162 | D        | Killed a draconian
   162 | D        | Reached skill level 17 in Polearms
   169 | D        | Killed a draconian
   169 | D        | Reached skill level 18 in Polearms
   293 | D        | Entered arena 5.
   293 | D        | Found a transporter.
   298 | D        | Reached skill level 1 in Shields
   298 | D        | Reached skill level 1 in Invocations
   298 | D        | Reached XP level 9. HP: 88/88 MP: 0/10
   307 | D        | Reached skill level 5 in Dodging
   317 | D        | Entered arena 6.
   317 | D        | Reached ***** piety under the Shining One
   317 | D        | Noticed a rime drake
   317 | D        | Found a transporter.
   323 | D        | Killed a rime drake
   323 | D        | Reached skill level 15 in Fighting
   333 | D        | Reached skill level 5 in Invocations
   355 | D        | Got the +5 storm dragon scales "Umoryzy" {rElec SInv}
   369 | D        | Got the +2 swamp dragon scales of Paclav Ocimp {rPois rC+
                  | rCorr Str-4 Slay+3}
   383 | D        | Entered arena 7.
   408 | D        | Reached skill level 5 in Shields
   410 | D        | Found a transporter.
   469 | D        | Entered arena 8.
   469 | D        | Noticed a guardian mummy
   469 | D        | Noticed a guardian mummy
   469 | D        | Noticed a mummy priest
   469 | D        | Noticed a guardian mummy
   469 | D        | Reached ****** piety under the Shining One
   475 | D        | Noticed a flayed ghost
   475 | D        | Noticed a phantasmal warrior
   476 | D        | Noticed a jiangshi
   478 | D        | Found a transporter.
   481 | D        | Killed a mummy priest
   481 | D        | Reached XP level 10. HP: 81/98 MP: 4/15
   512 | D        | HP: 1/98 [guardian mummy/uncursed staff of summoning (17)]
   601 | D        | Entered arena 9.
   601 | D        | Noticed an eye of devastation
   601 | D        | Noticed an eye of devastation
   602 | D        | Found the ring of the Mage {Wiz MR++ Int+3}
   627 | D        | Killed an eye of devastation
   642 | D        | Killed an eye of devastation
   653 | D        | Found a transporter.
   961 | D        | Got the ring "Caejotat" {MP+9 Int-5 Dex+5}
   967 | D        | Entered arena 10.
   982 | D        | Reached skill level 10 in Invocations
   992 | D        | Reached XP level 11. HP: 46/107 MP: 7/18
  1008 | D        | Reached skill level 10 in Shields
  1023 | D        | Found a transporter.
  1282 | D        | Entered arena 11.
  1313 | D        | HP: 2/107 [slime creature (10)]
  1315 | D        | Slain by a slime creature

Vault maps used:
D:        sprint_v

Skill      XL: |  1  2  3  4  5  6  7  8  9 10 11 |
---------------+----------------------------------+-----
Fighting       | 6 7 8 11 13 14 15 17 | 17.5
Polearms       | 8 10 11 15 16 18 | 18.3
Shields        | 1 6 9 10 | 10.4
Invocations    | 1 7 10 11 | 11.2
Dodging        | 8 |  8.0
Throwing       | |  2.0

Action                   |  1- 3 |  4- 6 |  7- 9 | 10-12 || total
-------------------------+-------+-------+-------+-------++-------
Melee: Lance             |     8 |    14 |    72 |   126 ||   220
  Use: Potion            |     1 |       |       |    13 ||    14
       Scroll            |       |       |       |     1 ||     1
  Eat: Ration            |       |       |       |     1 ||     1
Armor: Leather armour    |     1 |       |       |       ||     1
       Robe              |       |       |     3 |       ||     3
       Swamp dragon scal |       |       |     2 |    36 ||    38
Dodge: Dodged            |       |     1 |    29 |    97 ||   127
Block: Buckler           |     1 |       |    22 |    60 ||    83

Table legend:
 A = Non-vault XP
 B = Vault XP
 C = Vault XP percentage of total XP
 D = Non-vault monster count
 E = Vault monster count
 F = Vault count percentage of total count
                 A         B        C        D         E       F
            +---------+---------+-------+---------+---------+-------
      Total |       0 |   10684 | 100.0 |       0 |      47 | 100.0
            +---------+---------+-------+---------+---------+-------
          D |       0 |   10684 | 100.0 |       0 |      47 | 100.0
            +---------+---------+-------+---------+---------+-------
